 Dungeon Crawl Stone Soup version 0.28-a0-706-gf6f64a616a (webtiles) character file.

Game seed: 14914198732656440415

2913 frimble the Skirmisher (level 9, -7/108 HPs)
             Began as a Demonspawn Fire Elementalist on Oct 25, 2021.
             Mangled by Harold (9 damage)
             ... on level 9 of the Dungeon.
             The game lasted 00:12:16 (8897 turns).

frimble the Skirmisher (DsFE)                       Turns: 8897, Time: 00:12:17

Health: -7/108     AC: 10    Str:  9    XL:     9   Next: 49%
Magic:  0/13       EV: 13    Int: 19    God:
Gold:   445        SH:  0    Dex: 20    Spells: 7/14 levels left

rFire   . . .      SeeInvis .   o - +7 dire flail of Earthquakes {freeze, rN++ Stlth+}
rCold   . . .      Faith    .   (shield currently unavailable)
rNeg    + + .      Spirit   +   v - +0 steam dragon scales
rPois   .          Reflect  .   (no helmet)
rElec   .          Harm     .   z - +0 cloak
rCorr   .          Rampage  .   c - +1 pair of gloves
Will    .....                   (no boots)
Stlth   ..........              (no amulet)
HPRegen 0.28/turn               x - +6 ring of dexterity
MPRegen 0.26/turn               p - ring of wizardry

@: berserking, very quick
A: claws 2, icy blue scales 1, magic shield, magic regeneration, magic link
a: no special abilities


You were on level 9 of the Dungeon.
You visited 1 branch of the dungeon, and saw 9 of its levels.

You collected 445 gold pieces.

Inventory:

Hand Weapons
 k - a +3 vorpal long sword
 o - the +7 dire flail of Earthquakes (weapon) {freeze, rN++ Stlth+}
   (You found it on level 4 of the Dungeon)

   It freezes those it strikes, dealing additional cold damage.
   It can also slow down cold-blooded creatures.
   rN:        It greatly protects you from negative energy.
   Stlth:     It makes you more stealthy.
Armour
 a - a +0 robe
 c - a +1 pair of gloves (worn)
 g - a +0 kite shield
 u - a +4 scale mail of willpower
 v - +0 steam dragon scales (worn)
 z - a +0 cloak (worn)
Jewellery
 p - a ring of wizardry (right hand)
 x - a +6 ring of dexterity (left hand)
Wands
 r - a wand of mindburst (20)
 s - a wand of polymorph (2)
 y - a wand of acid (6)
Scrolls
 e - 2 scrolls of immolation
 f - a scroll of blinking
 l - 3 scrolls of identify
 m - a scroll of amnesia
Potions
 d - 2 potions of degeneration {unknown}
 h - 2 potions of curing
 j - a potion of haste {unknown}
 n - a potion of brilliance
 q - a potion of attraction {unknown}


   Skills:
 - Level 7.0 Fighting
 - Level 3.0 Armour
 - Level 3.0 Dodging
 - Level 2.0 Stealth
 - Level 3.0 Spellcasting
 - Level 6.0 Conjurations
 - Level 3.0 Hexes
 + Level 6.3 Fire Magic
 - Level 3.0 Evocations


You had 7 spell levels left.
You knew the following spells:

 Your Spells              Type           Power      Damage    Failure   Level
a - Foxfire               Conj/Fire      100%       2x1d9     1%          1
b - Conjure Flame         Conj/Fire      26%        6-21      1%          3
c - Inner Flame           Hex/Fire       20%        N/A       2%          3

Your spell library contained the following spells:

 Spells                   Type           Power      Damage    Failure   Level
 Scorch                   Fire           54%        2d7       1%          2
 Flame Wave               Conj/Fire      26%        3d6       4%          4
 Animate Skeleton         Necr           4%         N/A       6%          1
 Pain                     Necr           8%         1d4       6%          1
 Passwall                 Tmut/Erth      1%         N/A       9%          2
 Swiftness                Air            2%         N/A       17%         3
 Vampiric Draining        Necr           1%         2d6       17%         3
 Invisibility             Hex            7%         N/A       92%         6
 Chain Lightning          Conj/Air       7%         3d9       100%        9
 Fire Storm               Conj/Fire      13%        8d3       100%        9
 Shatter                  Erth           1%         3d5*      100%        9


Dungeon Overview and Level Annotations

Branches:
Dungeon (9/15)             Temple (0/1) D:6
   Lair: D:8-11         Orc: D:9-12

Altars:
Dithmenos
Elyvilon
Kikubaaqudgha
Uskayaw
Zin

Annotations:
D:6 exclusion: zombie
D:8 Pikel
D:9 Harold


Innate Abilities, Weirdness & Mutations

You have very sharp fingernails.
You are partially covered in icy blue scales. (AC +2)
When hurt, damage is shared between your health and your magic reserves.
You regenerate magic rapidly.
When low on magic, you restore magic in place of health.


Message History

As you read the scroll of blinking, it crumbles to dust.
You feel very sick. The hornet misses you.
You feel better.
You feel yourself speed up. The hornet misses you.
The hornet stings you but does no damage.
Okay, then.
Unknown command.
A red film seems to cover your vision as you go berserk!
You feel yourself moving faster!
You feel mighty! The hornet barely misses you.
You barely miss the hornet. The hornet barely misses you.
Harold says, "Bounty hunting has been great, but I can't wait to retire."
Harold hits you with a +1 flail of protection!!
* * * LOW HITPOINT WARNING * * *
The hornet closely misses you.
You puncture the hornet! You freeze the hornet.
The hornet is heavily wounded.
The hornet stings you!
* * * LOW HITPOINT WARNING * * *
You feel yourself slow down.
You sock the hornet! You freeze the hornet.
You kill the hornet!
Harold hits you with a +1 flail of protection!
* * * LOW HITPOINT WARNING * * *
Harold completely misses you.
Training target 7.0 for Fighting reached!
Your Fighting skill increases to level 7!
You sock Harold! You freeze Harold.
Harold is lightly wounded.
You feel yourself speed up.
Harold hits you with a +1 flail of protection!
* * * LOW HITPOINT WARNING * * *
You impale Harold!! You freeze Harold.
Harold is heavily wounded.
Harold misses you.
You sock Harold! You freeze Harold.
Harold is heavily wounded.
Harold hits you with a +1 flail of protection!
You die...

##+########
#.@†......#
#..@[.....#
#.....<...#
#.........+
#.........#
#####+#####


You could see Harold.

Vanquished Creatures
  A hornet (D:9)
  Menkaure (D:7)
  A steam dragon (D:8)
  Edmund (D:6)
  A naga (D:7)
  An orc warrior (D:6)
  3 ogres
  3 centaurs
  3 lemures (D:8)
  4 phantoms
  3 bullfrogs
  A gnoll sergeant (D:5)
  A water moccasin zombie (D:5)
  A water moccasin skeleton (D:4)
  A wyvern skeleton (D:5)
  2 howler monkeys (D:8)
  A centaur zombie (D:6)
  A jelly (D:5)
  A centaur skeleton (D:7)
  Crazy Yiuf (D:7)
  A bullfrog zombie (D:5)
  2 orc priests
  2 bullfrog skeletons
  4 hounds
  3 iguanas
  2 orc wizards (D:6)
  Natasha (twice) (D:3)
  A killer bee zombie (D:5)
  A hound skeleton (D:4)
  11 gnolls
  A howler monkey skeleton (D:6)
  6 adders
  2 white imps
  3 worms
  6 orcs
  5 ball pythons
  3 bats
  9 endoplasms
  2 giant cockroaches (D:4)
  5 goblins
  10 hobgoblins
  12 jackals
  5 kobolds
  4 quokkas
  2 frilled lizards
  10 rats
146 creatures vanquished.

Vanquished Creatures (others)
  436 foxfires
436 creatures vanquished.

Grand Total: 582 creatures vanquished

Notes
Turn   | Place    | Note
-------+----------+-------------------------------------------
     0 | D:1      | frimble the Demonspawn Fire Elementalist began the quest
                  | for the Orb.
     0 | D:1      | Reached XP level 1. HP: 13/13 MP: 3/3
   256 | D:1      | Gained mutation: You regenerate magic rapidly. [demonic
                  | ancestry]
   256 | D:1      | Reached XP level 2. HP: 13/19 MP: 0/5
   570 | D:1      | Found a faded altar of an unknown god.
   827 | D:1      | Gained mutation: You have sharp fingernails. [demonic
                  | ancestry]
   827 | D:1      | Reached XP level 3. HP: 12/24 MP: 2/6
  1883 | D:2      | Reached skill level 1 in Fighting
  1883 | D:2      | Gained mutation: When hurt, damage is shared between your
                  | health and your magic reserves. [demonic ancestry]
  1883 | D:2      | Reached XP level 4. HP: 30/32 MP: 5/7
  3259 | D:3      | Noticed Natasha
  3265 | D:3      | Gained mutation: When low on magic, you restore magic in
                  | place of health. [demonic ancestry]
  3265 | D:3      | Reached XP level 5. HP: 38/38 MP: 4/8
  3269 | D:3      | Killed Natasha
  3270 | D:3      | Reached skill level 2 in Fighting
  3532 | D:3      | Found a hide-covered altar of Uskayaw.
  3676 | D:3      | Noticed Natasha
  3683 | D:3      | Killed Natasha
  3798 | D:4      | Noticed an ogre
  3804 | D:4      | Found a shadowy altar of Dithmenos.
  3811 | D:4      | Killed an ogre
  3812 | D:4      | Reached XP level 6. HP: 46/46 MP: 3/10
  3972 | D:4      | Identified the +7 dire flail of Earthquakes {freeze, rN++
                  | Stlth+}
  4476 | D:4      | Reached skill level 3 in Fighting
  4990 | D:5      | Entered Level 5 of the Dungeon
  5241 | D:5      | Learned a level 3 spell: Conjure Flame
  5320 | D:5      | Gained mutation: You are partially covered in icy blue
                  | scales. (AC +2) [demonic ancestry]
  5320 | D:5      | Reached XP level 7. HP: 44/52 MP: 8/11
  5446 | D:5      | Reached skill level 5 in Fire Magic
  5448 | D:5      | Reached skill level 4 in Fighting
  6014 | D:5      | Reached skill level 5 in Conjurations
  6126 | D:5      | Reached XP level 8. HP: 56/61 MP: 3/12
  6478 | D:6      | Reached skill level 5 in Fighting
  6496 | D:6      | Found an ancient bone altar of Kikubaaqudgha.
  6600 | D:6      | Learned a level 3 spell: Inner Flame
  6618 | D:6      | Found a staircase to the Ecumenical Temple.
  6633 | D:6      | Reached skill level 1 in Hexes
  7399 | D:6      | Reached skill level 6 in Fighting
  7466 | D:6      | Noticed Edmund
  7486 | D:6      | Killed Edmund
  7856 | D:7      | Reached skill level 1 in Armour
  7856 | D:7      | Gained mutation: You have very sharp fingernails. [demonic
                  | ancestry]
  7856 | D:7      | Reached XP level 9. HP: 62/69 MP: 10/13
  7950 | D:7      | Noticed Maggie
  7954 | D:7      | Noticed Maggie
  7954 | D:7      | Maggie changed into Maggie the naga
  7959 | D:7      | Killed Maggie the naga
  8258 | D:7      | Noticed Menkaure
  8261 | D:7      | Killed Menkaure
  8502 | D:7      | Found a runed translucent door.
  8503 | D:7      | Noticed Crazy Yiuf
  8520 | D:7      | Killed Crazy Yiuf
  8805 | D:8      | Noticed Pikel
  8885 | D:9      | Noticed Harold
  8895 | D:9      | Reached skill level 7 in Fighting
  8895 | D:9      | HP: 2/108 [Harold (12)]
  8897 | D:9      | Mangled by Harold

Illustrated notes

Levels and vault maps discovered:
D:1:      heliophobic_arrival_dark_side_of_the_moon, layout_loops_ring,
          ebering_ecumenical_altar_sacrificial
D:2:      layout_basic
D:3:      layout_basic, zin_treasury, elyvilon_altar_5,
          nicolae_uskayaw_suspiria, uniq_natasha
D:4:      layout_basic, grunt_dithmenos_smoke
D:5:      layout_basic, minmay_door_square
D:6:      layout_basic, kiku_gazebo_pond_becter,
          minmay_temple_entry_statues_fountains, uniq_edmund
D:7:      layout_loops_ring, uniq_crazy_yiuf_cottage, uniq_menkaure, uniq_maggie
D:8:      layout_loops_ring, mainiacjoe_overflow_alcove_2, ebering_ghost_xom,
          uniq_maurice, uniq_pikel
D:9:      layout_roguey, mainiacjoe_overflow_big_doors, zombieorc2_lemuel,
          serial_curves, eino_curves_01, eino_curves_03, uniq_harold

Skill      XL: |  1  2  3  4  5  6  7  8  9 |
---------------+----------------------------+-----
Stealth        | 2 |  2.0
Fire Magic     | 3 4 5 6 |  6.3
Conjurations   | 2 3 4 5 6 |  6.0
Fighting       | 1 2 3 4 6 7 |  7.0
Spellcasting   | 3 |  3.0
Hexes          | 3 |  3.0
Evocations     | 2 3 |  3.0
Armour         | 1 3 |  3.0
Dodging        | 3 |  3.0

Action                   |  1- 3 |  4- 6 |  7- 9 || total
-------------------------+-------+-------+-------++-------
Melee: Unarmed           |    17 |       |       ||    17
       Short sword       |    47 |    30 |       ||    77
       Long sword        |       |    22 |       ||    22
       Dire flail        |       |    33 |   115 ||   148
 Cast: Foxfire           |    74 |    61 |   125 ||   260
       Conjure Flame     |       |       |     1 ||     1
       Inner Flame       |       |       |     1 ||     1
Evoke: Wand              |       |       |     4 ||     4
  Use: Scroll            |     5 |     3 |     6 ||    14
       Potion            |       |       |     5 ||     5
 Stab: Sleeping          |     3 |     9 |     3 ||    15
Armor: Robe              |    22 |    14 |    17 ||    53
       Scale mail        |       |       |    22 ||    22
       Steam dragon scal |       |       |    21 ||    21
Dodge: Dodged            |    68 |    53 |    98 ||   219

Table legend: (Time is in decaauts)
 A = Elapsed time spent in this place.
 B = Non-inter-level travel time spent in this place.
 C = Inter-level travel time spent in this place.
 D = Time resting spent in this place.
 E = Time spent auto-exploring this place.
 F = Levels seen in this place.
 G = Mean time per level.
                   A        B        C        D        E       F      G
               +--------+--------+--------+--------+--------+-----+--------+
         Total |   8962 |   8613 |    349 |    251 |   6882 |   9 |  995.8 |
       Dungeon |   8962 |   8613 |    349 |    251 |   6882 |   9 |  995.8 |
               +--------+--------+--------+--------+--------+-----+--------+

Top non-repeatable levels by time:
     D:1: 1566 daAuts
     D:6: 1558 daAuts
     D:4: 1449 daAuts
     D:2: 1299 daAuts
     D:5: 1040 daAuts
     D:3: 932 daAuts
     D:7: 793 daAuts
     D:8: 309 daAuts
     D:9: 12 daAuts
